[Event "Austrian Bundesliga 2023-24"]
[Site "Austria"]
[Date "2024.03.22"]
[Round "9.24"]
[White "Hoefelsauer, Thomas"]
[Black "Platzgummer, Fabian"]
[Result "1/2-1/2"]
[ECO "D02"]
[WhiteElo "2302"]
[BlackElo "2304"]
[Annotator "TA"]
[PlyCount "77"]
[EventDate "2023.10.21"]
[EventType "team-tourn"]
[EventCountry "AUT"]
[SourceTitle "playchess.com"]
[Source "ChessBase"]
[SourceQuality "1"]
[TimeControl "40/5400+30:1800+30"]

1. d4 d5 2. Nf3 Nf6 3. c3 c6 4. Qc2 g6 5. h3 Bg7 6. Bf4 Qb6 7. Nbd2 c5 8. e3 {[%emt 0:02:06] White has an edge.} Bf5 9. Qb3 c4 10. Qxb6 axb6 11. g4 Bc2 12. Rc1 Ba4 13. b3 cxb3 14. axb3 Bc6 15. Bd3 O-O 16. O-O b5 17. Ra1 Nbd7 18. Ne5 Rfc8 19. Rfb1 (19. Nxc6 {simplifies} bxc6 20. Bh2 Ne8 21. Nf3) 19... Nb6 (19... Nxe5 $11 20. Bxe5 e6) 20. c4 {[%emt 0:07:09] White is much more active.} (20. Nxc6 $16 bxc6 21. b4) 20... bxc4 21. Rxa8 Rxa8 22. bxc4 Nxc4 23. Nxc6 bxc6 (23... Nxd2 $11 {remains equal.} 24. Rxb7 (24. Nxe7+ Kf8 $16) 24... Nf3+ 25. Kf1 Ne4) 24. Nxc4 $16 dxc4 25. Bxc4 e6 26. Rc1 Nd5 27. Bg3 Bf8 28. Be2 Nb4 29. Bf3 Ra6 30. Rc4 Be7 31. Be5 (31. Kf1 $14 {might be stronger.}) 31... Kf8 {[%emt 0:01:02] [#]} 32. Bf6 Bxf6 $11 {[%emt 0:06:26] The position is equal.} 33. Rxb4 {[%emt 0:00:01][%mdl 4096] Endgame. KRB-KRB} Ra2 34. Rb1 Bh4 35. Rf1 Rc2 36. Be4 Rc4 37. Bd3 Rc3 38. Rd1 c5 39. dxc5 {[%emt 0:00:06] Weighted Error Value: White=0.11 (very precise) /Black=0.11 (very precise) .  Mistake:       	White=3     	Black=2      Inaccurate:     	White=3     	Black=2      OK:         	White=11    	Black=12     Best:        	White=2     	Black=1} 1/2-1/2

[Event "Austrian Bundesliga 2023-24"]
[Site "Austria"]
[Date "2024.03.22"]
[Round "9.25"]
[White "Brkic, Ante"]
[Black "Mamedyarov, Shakhriyar"]
[Result "1/2-1/2"]
[ECO "B12"]
[WhiteElo "2633"]
[BlackElo "2734"]
[Annotator "TA"]
[PlyCount "34"]
[EventDate "2023.10.21"]
[EventType "team-tourn"]
[EventCountry "AUT"]
[SourceTitle "playchess.com"]
[Source "ChessBase"]
[SourceQuality "1"]
[TimeControl "40/5400+30:1800+30"]

1. e4 c6 2. d4 d5 3. e5 c5 4. Nf3 cxd4 5. Nxd4 Nc6 6. Nxc6 bxc6 7. Bd3 e6 8. O-O a5 9. Nd2 Ba6 10. Bxa6 Rxa6 11. Nf3 Ne7 {[%emt 0:00:36] [#]} 12. c4 $1 dxc4 13. Qc2 Qd3 {[%emt 0:00:19] Dodges Be3} 14. Qa4 {[%emt 0:19:47][%mdl 1024] Rd1 is the strong threat. White has compensation.} Qd5 15. Qc2 {[%emt 0:02:40] The position is equal.} Qd3 {[%emt 0:00:21] Against Be3} 16. Qa4 {[%emt 0:00:18] [#] aiming for Rd1.} Qd5 17. Qc2 Qd3 {A rather calm draw.   Weighted Error Value: White=0.10 (very precise) /Black=0.06 (flawless) .  Inaccurate:     	White=1     	Black=1      OK:         	White=3     	Black=7} 1/2-1/2

[Event "Austrian Bundesliga 2023-24"]
[Site "Austria"]
[Date "2024.03.22"]
[Round "9.26"]
[White "Vachier-Lagrave, Maxime"]
[Black "Martinovic, Sasa"]
[Result "1/2-1/2"]
[ECO "C02"]
[WhiteElo "2728"]
[BlackElo "2558"]
[Annotator "TA"]
[PlyCount "67"]
[EventDate "2023.10.21"]
[EventType "team-tourn"]
[EventCountry "AUT"]
[SourceTitle "playchess.com"]
[Source "ChessBase"]
[SourceQuality "1"]
[TimeControl "40/5400+30:1800+30"]

1. e4 e6 2. d4 d5 3. e5 c5 4. c3 Nc6 5. Nf3 Bd7 6. Be2 f6 7. O-O fxe5 8. Nxe5 cxd4 9. Nxc6 bxc6 10. Qxd4 Nf6 {[%cal Bg8f6,Bf6e8,Be8d6,Bd6f5][%mdl 32] Repels Bh5+} 11. Bf4 {[%emt 0:01:01] Repels Bd6} Be7 12. Nd2 O-O 13. Qe5 Ne8 {[%emt 0:11:30] [#] Threatens to win with ...Bd6.} 14. Qe3 Qb6 15. Nb3 Nd6 16. Rad1 Nf5 17. Qd2 Bf6 18. c4 a5 19. cxd5 cxd5 20. Rc1 Rfc8 21. Rxc8+ Rxc8 22. Nxa5 Qxb2 ({Worse is} 22... Bxb2 23. Rb1 Ra8 (23... Nd4 $2 24. Bd3 $18) 24. Rxb2 $16 (24. Qxb2 Qxb2 25. Rxb2 Rxa5 $14)) 23. Bd3 {[%emt 0:00:30] Prevents Rc2.} Qxd2 24. Bxd2 Bc3 25. Bxc3 Rxc3 26. Bxf5 exf5 $11 {[%emt 0:00:04][%mdl 4096] Endgame. KRB-KRN} 27. Nb3 Kf7 28. f4 Ke6 29. Rd1 Kd6 30. Rd2 g6 31. Nd4 Kc5 32. Nb3+ Kd6 33. Nd4 {[%emt 0:00:04] Wards off Bb5} Kc5 34. Nb3+ {[%emt 0:00:49] Weighted Error Value: White=0.06 (flawless) /Black=0.07 (flawless) .  Inaccurate:     	---       	Black=2      OK:         	White=15    	Black=9} 1/2-1/2

[Event "Austrian Bundesliga 2023-24"]
[Site "Austria"]
[Date "2024.03.22"]
[Round "9.27"]
[White "Livaic, Leon"]
[Black "Vitiugov, Nikita"]
[Result "0-1"]
[ECO "C54"]
[WhiteElo "2558"]
[BlackElo "2688"]
[Annotator "TA"]
[PlyCount "46"]
[EventDate "2023.10.21"]
[EventType "team-tourn"]
[EventCountry "AUT"]
[SourceTitle "playchess.com"]
[Source "ChessBase"]
[SourceQuality "1"]
[TimeControl "40/5400+30:1800+30"]

1. e4 e5 2. Nf3 Nc6 3. Bc4 Bc5 4. c3 Nf6 5. d4 exd4 6. b4 ({Better is} 6. cxd4 $11 Bb4+ 7. Bd2) 6... Bb6 $15 7. e5 d5 8. exf6 {[%emt 0:00:24] Black is slightly better.} dxc4 9. Qe2+ Be6 10. b5 $1 {[%emt 0:00:43] [#]} Nb4 $1 11. fxg7 $11 Rg8 $132 {[%emt 0:00:19][%mdl 2048] Black puts up resistance} 12. cxb4 {[%emt 0:03:20] And now Bg5 would win.} Qf6 13. Qe4 (13. O-O $14 {feels stronger.}) 13... Rxg7 (13... Qxg7 $11 14. Bg5 d3) 14. Bf4 $2 (14. O-O $14 {keeps the upper hand.}) 14... Rg4 (14... Rxg2 $19 15. Be5 Qe7) 15. Qxb7 (15. g3 $17) 15... Rd8 $19 16. Qc6+ Kf8 {[%emt 0:01:27][%mdl 1024] Black has strong compensation.} 17. Be5 Qf5 {[%emt 0:20:37] Threatens to win with ...Rg6.} 18. O-O (18. Bxc7 $142 Qe4+ 19. Qxe4 Rxe4+ 20. Kd1 Bxc7 21. Ng5) 18... Rg6 $1 {[%emt 0:03:54] aiming for ...Bd5.} (18... Bd5 19. Qh6+ Kg8 20. Bg3 $14) 19. Bg3 {[%emt 0:04:13] [#]} (19. Nc3 $142 Bd5 (19... dxc3 $2 20. Rad1 $19) 20. Nxd5 Rxc6 (20... Qxf3 $2 {perishes.} 21. Qxg6 fxg6 22. gxf3 $18) 21. Nxb6) 19... Bd5 $1 {[%emt 0:01:50] Black is clearly winning.} 20. Nh4 {[%emt 0:00:17] [#]} Qg5 $1 21. f4 Qe7 ({Don't blunder} 21... Qxh4 $2 22. Qxg6 $18) 22. Nxg6+ fxg6 23. Re1 Qf7 {[%emt 0:01:01] Weighted Error Value: White=0.72/Black=0.09 (flawless) .  Loses game:     	White=1     	---        Mistake:       	White=4     	Black=3      Inaccurate:     	White=1     	---        OK:         	White=7     	Black=6      Best:        	---       	Black=4      Strong:       	White=1     	Black=3} ({And not} 23... Bxc6 24. Rxe7 d3+ 25. Kf1 $16) 0-1

[Event "Austrian Bundesliga 2023-24"]
[Site "Austria"]
[Date "2024.03.22"]
[Round "9.28"]
[White "Maghsoodloo, Parham"]
[Black "Bosiocic, Marin"]
[Result "1-0"]
[ECO "D02"]
[WhiteElo "2717"]
[BlackElo "2549"]
[Annotator "TA"]
[PlyCount "71"]
[EventDate "2023.10.21"]
[EventType "team-tourn"]
[EventCountry "AUT"]
[SourceTitle "playchess.com"]
[Source "ChessBase"]
[SourceQuality "1"]
[TimeControl "40/5400+30:1800+30"]

1. d4 Nf6 2. Nf3 d5 3. Bf4 c5 4. e3 Nc6 5. Nbd2 cxd4 6. exd4 a6 7. c3 Bf5 8. Nh4 {[%emt 0:08:05] Die Stellung ist ausgeglichen.} Be4 9. Bg5 e6 10. Nxe4 dxe4 11. g3 h6 12. Bxf6 Qxf6 13. Qb3 (13. Be2 $16) 13... O-O-O $1 $11 14. Be2 Bd6 15. Qc2 g5 16. Ng2 Qg6 $1 17. O-O-O Ne7 18. Kb1 Kb8 19. Rhe1 f5 (19... Bc7 $11 {bleibt in der Remisbreite.}) 20. f3 $16 exf3 21. Bxf3 {[%emt 0:00:06] Qb3 ist eine echte Drohung.} g4 22. Nh4 {[%emt 0:05:08] Weiß steht aktiver.} Qg5 23. Bg2 {[%emt 0:02:36][%cal Oc2b3] Droht Qb3! und aus.} f4 $1 24. Rxe6 fxg3 (24... f3 $16) 25. hxg3 {[%emt 0:00:06] Und c4 würde nun gewinnen.} Bxg3 {[%emt 0:03:31] [#]} (25... Rd7 $142 26. Ng6 Nxg6) 26. Ng6 $40 {[%emt 0:04:27][%mdl 128] Weiss hat starken Angriff.} (26. Bxb7 $1 $18 Rd6 27. Rxd6 Bxd6 28. Bxa6) 26... Rh7 (26... Nxg6 $16 27. Rxg6 Qe7 28. Rxg4 Rhg8) 27. Ne5 Nf5 $2 {[%emt 0:05:43] Schwarz ist schwach auf den weissen Feldern. Danach kann Schwarz die Partie nicht mehr halten.} (27... Qf5 $16) 28. Rf1 $18 (28. Rg6 Ne3 29. Qd3 (29. Rxg5 Nxc2 30. Rxg4 Ne3 $14) 29... Qf5 30. Nxg4 Qxd3+ 31. Rxd3 Nxg2 $16) 28... Rf8 29. Qe4 Ka7 {[%emt 0:12:53] [#] Es drohte Rb6} 30. Nc6+ $1 bxc6 31. Qxc6 Bd6 32. Rxd6 Nxd6 33. Rxf8 Nb7 34. Bf1 Qa5 35. b4 Qa3 36. Rf6 {[%emt 0:02:58] Gewichteter Fehlerwert: Weiß=0.22 (präzise) /Schwarz=0.65.  Verlustzug:     	---       	Schwarz=1     Fehler:       	Weiß=2     	Schwarz=4     Ungenau:       	Weiß=2     	Schwarz=1     OK:         	Weiß=10    	Schwarz=2     Bester:       	Weiß=1     	Schwarz=1     Stark:        	---       	Schwarz=3} 1-0

[Event "Austrian Bundesliga 2023-24"]
[Site "Austria"]
[Date "2024.03.22"]
[Round "9.29"]
[White "Saric, Ante"]
[Black "Vallejo Pons, Francisco"]
[Result "1/2-1/2"]
[ECO "D37"]
[WhiteElo "2505"]
[BlackElo "2653"]
[Annotator "TA"]
[PlyCount "33"]
[EventDate "2023.10.21"]
[EventType "team-tourn"]
[EventCountry "AUT"]
[SourceTitle "playchess.com"]
[Source "ChessBase"]
[SourceQuality "1"]
[TimeControl "40/5400+30:1800+30"]

1. Nf3 d5 2. d4 Nf6 3. c4 e6 4. Nc3 dxc4 5. e3 a6 6. a4 c5 7. Bxc4 cxd4 8. exd4 Nc6 9. O-O Be7 10. d5 exd5 11. Nxd5 Nxd5 {[%emt 0:00:04] Die Stellung ist ausgeglichen.} 12. Bxd5 O-O 13. Qb3 Na5 14. Qa2 Nc6 {[%emt 0:00:15] [#] Pariert Ne5. ...Nb4 wäre nun fies.} 15. Qb3 Na5 16. Qa2 Nc6 {[%emt 0:00:04] Gegen Ne5 gerichtet. Weiss muss nun ...Nb4 beachten.} 17. Qb3 {Ein ziemlich ruhiges Remis.   Gewichteter Fehlerwert: Weiß=0.04 (makellos) /Schwarz=0.00 (makellos) .  OK:         	Weiß=2     	Schwarz=5} 1/2-1/2

[Event "Austrian Bundesliga 2023-24"]
[Site "Austria"]
[Date "2024.03.22"]
[Round "9.30"]
[White "Bacrot, Etienne"]
[Black "Rogic, Davor"]
[Result "1-0"]
[ECO "C92"]
[WhiteElo "2680"]
[BlackElo "2418"]
[Annotator "TA"]
[PlyCount "131"]
[EventDate "2023.10.21"]
[EventType "team-tourn"]
[EventCountry "AUT"]
[SourceTitle "playchess.com"]
[Source "ChessBase"]
[SourceQuality "1"]
[TimeControl "40/5400+30:1800+30"]

1. e4 e5 2. Nf3 Nc6 3. Bb5 a6 4. Ba4 Nf6 5. O-O Be7 6. Re1 b5 7. Bb3 d6 8. c3 O-O 9. h3 Bb7 10. d4 Re8 11. Nbd2 Bf8 12. a4 Na5 {[%emt 0:01:15] C92: Closed Ruy Lopez: 9...Be6, Karpov and Flohr-Zaitsev Variations.} 13. Bc2 b4 {[%emt 0:00:19] 13...b4 has lost popularity.} 14. d5 bxc3 15. bxc3 c6 16. c4 Qc7 17. Bd3 Bc8 18. Nb3 Nxb3 19. Qxb3 Rb8 20. Qa3 $146 ({Predecessor:} 20. Qc2 Nd7 21. a5 Nc5 22. Bf1 Nb3 23. Rb1 Nxc1 24. Rxb8 Qxb8 25. dxc6 Qc7 26. Rxc1 Qxc6 27. c5 Qxc5 28. Bc4 Qxa5 29. Ng5 Be6 30. Nxe6 fxe6 31. Qb3 d5 {½-½ Kraft,D (2206)-Happe,R (2307) GER-ch44 V08 email 2012}) 20... a5 21. Be3 Nd7 22. Reb1 Ba6 23. Nd2 Nc5 24. Bc2 Be7 25. Qc3 Rec8 26. dxc6 Ne6 27. Rb5 Qxc6 28. Rxb8 Rxb8 29. Qxa5 Nd4 30. Bd3 h6 31. Qd5 Qc7 32. Bxd4 Bb7 33. Qb5 (33. Bb6 $5 Qxb6 34. Qb5 $11) 33... Bc6 $1 34. Qa6 $1 exd4 35. Rb1 Ra8 36. Qb6 Qxb6 37. Rxb6 Bxa4 38. Nf3 Bd1 39. Nxd4 Bf6 40. Nf5 Ra3 (40... Be5 $14) 41. Rxd6 $16 Ra1 42. f4 Bg4+ 43. Kf2 Bxf5 44. exf5 Kf8 45. Kf3 Ke7 46. Rb6 Ra7 47. Ke4 Rd7 48. c5 Bd4 49. Rc6 Bg1 50. Bb5 Rb7 51. Bc4 Ra7 52. Rc8 Ra4 (52... Kd7 $16 53. Rg8 Kc6) 53. Kd5 $18 Kd7 54. Rf8 Ke7 {[%emt 0:01:13] [#]} 55. Rb8 $1 Ra7 56. Bb5 Rc7 57. Re8+ Kf6 58. c6 Bh2 $2 (58... Ra7 59. Rb8 Kxf5) 59. Re4 $18 Rc8 60. Ba6 Rd8+ 61. Kc4 Rd1 62. Kb5 Rc1 63. Kb6 Kxf5 64. Bd3 Rc3 65. g4+ Kf6 66. Bc4 1-0

[Event "Austrian Bundesliga 2023-24"]
[Site "Austria"]
[Date "2024.03.22"]
[Round "9.31"]
[White "Markus, Robert"]
[Black "Dragnev, Valentin"]
[Result "1/2-1/2"]
[ECO "D55"]
[WhiteElo "2595"]
[BlackElo "2575"]
[Annotator "TA"]
[PlyCount "60"]
[EventDate "2023.10.21"]
[EventType "team-tourn"]
[EventCountry "AUT"]
[SourceTitle "playchess.com"]
[Source "ChessBase"]
[SourceQuality "1"]
[TimeControl "40/5400+30:1800+30"]

1. d4 Nf6 2. c4 e6 3. Nc3 d5 4. Bg5 Be7 5. e3 O-O 6. Nf3 dxc4 7. Bxc4 c5 8. O-O cxd4 9. Nxd4 Bd7 10. a3 Nc6 11. Nf3 h6 12. Bh4 Nh5 13. Bxe7 Qxe7 14. Qe2 Rad8 15. Rfd1 Bc8 16. Bb5 Nb8 17. Rac1 Rxd1+ 18. Qxd1 Rd8 {[%emt 0:01:47] Es drohte Qd4} 19. Qa4 a6 20. Be2 Nf6 21. h3 b5 22. Qf4 Bb7 23. Rd1 Rxd1+ 24. Bxd1 Nc6 25. Ne5 Nxe5 26. Qxe5 Qd8 27. Bf3 Bxf3 28. gxf3 Qd2 {[%emt 0:00:59] Die Stellung ist ausgeglichen.} 29. Ne4 $1 Nxe4 30. fxe4 Qc1+ {[%emt 0:00:38] Hier war wenig los.   Gewichteter Fehlerwert: Weiß=0.04 (makellos) /Schwarz=0.02 (makellos) .  Ungenau:       	---       	Schwarz=1     OK:         	Weiß=4     	Schwarz=13    Bester:       	---       	Schwarz=1     Stark:        	Weiß=1     	---} 1/2-1/2

[Event "Austrian Bundesliga 2023-24"]
[Site "Austria"]
[Date "2024.03.22"]
[Round "9.32"]
[White "Blohberger, Felix"]
[Black "Horvath, Dominik"]
[Result "1/2-1/2"]
[ECO "B90"]
[WhiteElo "2531"]
[BlackElo "2534"]
[Annotator "TA"]
[PlyCount "42"]
[EventDate "2023.10.21"]
[EventType "team-tourn"]
[EventCountry "AUT"]
[SourceTitle "playchess.com"]
[Source "ChessBase"]
[SourceQuality "1"]
[TimeControl "40/5400+30:1800+30"]

1. e4 c5 2. Nf3 d6 3. d4 cxd4 4. Nxd4 Nf6 5. Nc3 a6 6. h3 e5 7. Nf3 Be7 8. g4 h6 9. Rg1 Nc6 10. g5 {[%emt 0:01:59] The position is equal.} hxg5 11. Nxg5 Nd4 12. Bc4 Ng4 13. Nxf7 (13. Rxg4 $2 Bxg4 14. Bxf7+ (14. Qxg4 $2 Bxg5 15. Be2 Bxc1 $19) 14... Kf8 15. Qxg4 Bxg5 $19) 13... Nxf2 $1 14. Kxf2 Bh4+ 15. Ke3 $1 (15. Kg2 Bxh3+ 16. Kh1 (16. Kxh3 {leads to mate.} Be1+) 16... Bf2) 15... Bf2+ $1 16. Kxf2 Qf6+ 17. Ke1 Qh4+ 18. Kd2 $1 Qf4+ 19. Ke1 Qh4+ 20. Kd2 $1 Qf4+ 21. Ke1 Qh4+ {[%emt 0:00:04] An uneventful encounter.   Weighted Error Value: White=0.01 (flawless) /Black=0.02 (flawless) .  Inaccurate:     	White=1     	Black=1      OK:         	White=5     	Black=8      Best:        	White=3     	Black=3      Strong:       	White=3     	Black=2} 1/2-1/2

[Event "Austrian Bundesliga 2023-24"]
[Site "Austria"]
[Date "2024.03.22"]
[Round "9.33"]
[White "Samunenkov, Ihor"]
[Black "Peyrer, Konstantin"]
[Result "1/2-1/2"]
[ECO "A40"]
[WhiteElo "2544"]
[BlackElo "2434"]
[Annotator "TA"]
[PlyCount "116"]
[EventDate "2023.10.21"]
[EventType "team-tourn"]
[EventCountry "AUT"]
[SourceTitle "playchess.com"]
[Source "ChessBase"]
[SourceQuality "1"]
[TimeControl "40/5400+30:1800+30"]

1. d4 Nf6 2. c4 e6 3. g3 d5 4. Nf3 Bb4+ 5. Bd2 Be7 6. Bg2 O-O 7. O-O Nbd7 8. Qc2 c6 9. Bf4 a5 10. Rd1 a4 11. h4 h6 12. Nbd2 {[%emt 0:01:48] White has an edge.} Nh5 13. e3 Qa5 14. Be5 Nhf6 15. Bxf6 Nxf6 16. Ne5 Qc7 17. Nd3 Bd7 18. b4 axb3 19. axb3 Rfc8 20. b4 Be8 21. Rdc1 Qd8 22. c5 Nd7 23. Qb2 f6 24. e4 dxe4 25. Nxe4 Nf8 26. f4 Bg6 27. Ndf2 Qd7 ({Black should play} 27... Bxe4 $15 28. Rxa8 (28. Bxe4 Rxa1 29. Rxa1 f5 $15) (28. Nxe4 f5 $15) 28... Rxa8 29. Bxe4 f5) 28. Nd2 $14 Rd8 29. Nf3 (29. Rxa8 $14 Rxa8 30. Nc4) 29... Bh5 $11 30. g4 Bf7 31. h5 {[%emt 0:02:09] Dodges Ng6} Qc7 32. Rxa8 Rxa8 33. Qd2 Ra3 34. Re1 Qd7 (34... Bd8 $15) 35. Qb2 Ra8 36. Qc3 {[%emt 0:02:48] [#]} (36. Bf1 $11) 36... Bd8 $1 $17 37. Nd3 Bc7 38. Bh3 Qd5 39. Bg2 Qa2 {[%emt 0:01:19] ...Ra3 would now be deadly.} 40. Rd1 (40. Bf1 $15) 40... Ra3 41. Qe1 Qc2 42. Rd2 Qc3 43. Rd1 Qb3 44. Kh1 g6 (44... Qc2 $17 45. Qd2 Qxd2 46. Rxd2 g6) 45. g5 $1 $15 e5 (45... gxh5 46. gxf6 (46. gxh6 Ng6 $17) 46... Nh7 47. d5 (47. Nfe5 Nxf6 48. Rb1 Qa4 $11) 47... exd5 48. Nd4 $11) (45... hxg5 $15 46. fxg5 Qc2 (46... gxh5 47. gxf6 h4 48. Nfe5 $16)) 46. dxe5 fxg5 47. fxg5 Qe6 48. Qe4 (48. gxh6 {is interesting.} Qf5 49. Qh4 gxh5 50. Qg5+) 48... gxh5 49. Nd4 Qe7 {[%emt 0:14:00] [#]} (49... Qc4 $11 50. gxh6 Bg6) 50. e6 (50. gxh6 $6 Bg6 51. Nf5 Qe6 $11) ({White should try} 50. Nf5 $1 $16 Qxg5 51. Nf4) 50... Bg6 $11 (50... Nxe6 $2 51. g6 (51. gxh6 Qf6 $11) 51... Kf8 52. gxf7 $18) 51. Nf5 {[%emt 0:00:25] Dancing on a razor blade.} Bxf5 (51... Nxe6 52. Nxe7+ Kf7 53. Qxg6+ Kxe7 54. Re1 (54. Qxh6 Rb3 55. Qf6+ Kd7 56. Ne5+ Kc8 57. Qxe6+ Kb8 58. Qg8+ Ka7 59. Ra1+ Ra3 60. Rxa3+ Ba5 61. Rxa5#) (54. Qf6+ Kd7 55. Nf4+ Kc8 56. Nxe6 b5 57. Rd8+ Kb7 58. Bxc6+ Kxc6 59. Nxc7+ Kxc7 60. Qb6#) (54. Qxh6 Kd7 55. Ne5+ Kc8 56. Qxe6+ Kb8 57. Nxc6+ bxc6 58. Qxc6 Rh3+ 59. Bxh3 h4 60. Bg2 Bg3 61. Qb7#)) (51... Qxg5 $2 52. e7 Ra8 (52... Bxf5 $2 53. Rf1 $18) 53. Rf1 $18 (53. exf8=B Bxf5 54. Bxh6 Bxe4 $11) (53. exf8=R+ Kxf8 54. Rf1 Qf6 $18)) (51... Qxe6 {is more complex.} 52. Ne7+ Kg7 53. Qd4+ Kh7) 52. Qxf5 Qxe6 (52... Nxe6 $2 {perishes.} 53. Qg6+ (53. gxh6 Nd4 $18) 53... Ng7 54. gxh6 (54. Qxh6 $2 {loses.} Rxd3 55. Ra1 Qe5 $19) 54... Qh4+ 55. Kg1 Qh2+ 56. Kf1 $18) (52... hxg5 53. Rf1 $14) 53. Qxe6+ Nxe6 54. gxh6 Kh7 55. b5 Kxh6 56. bxc6 {[%emt 0:00:13] The position is equal.} bxc6 57. Bxc6 Rc3 58. Bd5 Nxc5 {[%emt 0:00:11] Weighted Error Value: White=0.14 (very precise) /Black=0.19 (very precise) .  Mistake:       	White=4     	Black=5      Inaccurate:     	White=4     	Black=3      OK:         	White=17    	Black=15     Best:        	White=1     	Black=1      Strong:       	White=1     	Black=1} 1/2-1/2

[Event "Austrian Bundesliga 2023-24"]
[Site "Austria"]
[Date "2024.03.22"]
[Round "9.34"]
[White "Froewis, Georg"]
[Black "Korpa, Bence"]
[Result "0-1"]
[ECO "A10"]
[WhiteElo "2450"]
[BlackElo "2545"]
[Annotator "TA"]
[PlyCount "70"]
[EventDate "2023.10.21"]
[EventType "team-tourn"]
[EventCountry "AUT"]
[SourceTitle "playchess.com"]
[Source "ChessBase"]
[SourceQuality "1"]
[TimeControl "40/5400+30:1800+30"]

1. c4 f5 2. Nf3 Nf6 3. Nc3 g6 4. d4 Bg7 5. Qc2 d6 6. Bg5 O-O 7. O-O-O Qe8 8. Bxf6 Bxf6 9. e4 (9. Nd5 $14 Na6 10. Nxf6+ exf6 11. e3) 9... fxe4 10. Nxe4 Bg7 11. h4 Bf5 12. h5 Nc6 {[%emt 0:00:13] Threatens to win with ...Bh6+.} 13. a3 (13. h6 $1 $11 Bh8 14. Rh4) 13... e5 (13... d5 $2 14. cxd5 Nd8 15. Bc4 $18) (13... e6 $17 {Strongly threatening ...d5.} 14. h6 Bh8) 14. Bd3 (14. d5 $1 $14 Nd4 15. Nxd4 exd4 16. Bd3) 14... Nxd4 $11 15. Nxd4 exd4 16. f3 gxh5 17. g4 $2 {[%emt 0:08:43] White does not recover from this.} hxg4 $19 18. fxg4 Bg6 (18... Bxg4 19. Rde1 h5 20. Nf2 $15) 19. Kb1 {[%emt 0:00:49] [#]} (19. Rde1 $142 Qe6 20. g5) 19... Rf3 $1 20. Rde1 Qe5 {[%emt 0:02:42][%cal Of3d3] Dodges Nf6+. aiming for ...Rxd3!} 21. g5 $2 {[%emt 0:05:16] [#]} (21. Nf2 Re3 22. Rd1 Bxd3 23. Nxd3) 21... Rxd3 $1 22. Qxd3 Re8 23. Rh4 {[%emt 0:01:08] [#]} Qxg5 $1 24. Qh3 Qf5 (24... Qa5 $142 25. b4 Qe5) 25. Qg2 $2 (25. Qxf5 Bxf5 26. Kc1) 25... Qa5 26. Rg1 d5 27. Rxh7 (27. Qg5 $142 Rxe4 (27... Bxe4+ 28. Rxe4) 28. Rxe4 Bxe4+ 29. Ka2) 27... Bxe4+ 28. Qxe4 Rxe4 29. Rgxg7+ Kf8 30. Rxc7 Re1+ {[%emt 0:01:24] Black mates.} 31. Kc2 {[%emt 0:00:02] [#]} d3+ $1 32. Kxd3 (32. Kb3 Qxc7) 32... dxc4+ 33. Kc2 Qf5+ 34. Kc3 Qe5+ 35. Kb4 Qxb2+ {[%emt 0:00:24] Weighted Error Value: White=0.89/Black=0.27 (precise) .  Loses game:     	White=1     	---        Mistake:       	White=7     	Black=2      Inaccurate:     	White=1     	Black=1      OK:         	White=4     	Black=7      Best:        	White=2     	Black=2      Strong:       	---       	Black=1      Brilliant:      	---       	Black=1} 0-1

[Event "Austrian Bundesliga 2023-24"]
[Site "Austria"]
[Date "2024.03.22"]
[Round "9.35"]
[White "Mesaros, Florian"]
[Black "Balint, Peter"]
[Result "1-0"]
[ECO "A05"]
[WhiteElo "2414"]
[BlackElo "2345"]
[Annotator "TA"]
[PlyCount "119"]
[EventDate "2023.10.21"]
[EventType "team-tourn"]
[EventCountry "AUT"]
[SourceTitle "playchess.com"]
[Source "ChessBase"]
[SourceQuality "1"]
[TimeControl "40/5400+30:1800+30"]

1. Nf3 Nf6 2. c4 c5 3. Nc3 e6 4. e3 Nc6 5. d4 d5 6. a3 a6 7. dxc5 Bxc5 8. b4 Bd6 9. Bb2 O-O 10. cxd5 exd5 11. Be2 Re8 12. O-O Bg4 {[%emt 0:20:42] D40: Queen's Gambit Declined: Semi-Tarrasch with 5 e3.} 13. Nd4 (13. Nxd5 $2 {loses.} Nxd5 14. h3 Bh5 15. Nd4 $19) 13... Bxe2 $146 ({Predecessor:} 13... Ne5 14. Nxd5 Nxd5 15. Bxg4 Nc4 16. Bc1 Qc7 17. g3 Rad8 18. Qb3 Be5 19. Rd1 g6 20. Bf3 {1-0 Sadek,S (2342)-Ibrahim,M (2140) Cairo Heliopolis op 2nd 2010 (1)}) 14. Ncxe2 Ne5 15. Qb3 Qd7 16. Rad1 Rac8 17. Nf4 Nc4 18. Nde2 Be5 19. Bxe5 Rxe5 20. Rd4 Qc6 21. h3 h6 22. Rfd1 b6 (22... g5 $14 {might be stronger.}) 23. a4 b5 24. a5 Rc7 25. Qb1 Rc8 26. Qa1 Rf5 27. Ng3 (27. h4 $5) 27... Rg5 $1 28. Nge2 (28. Nf1 $14 {should be considered.}) 28... Rf5 $1 $16 29. h4 Re8 30. Ng3 Rfe5 {[%emt 0:00:10] [#]} 31. Nd3 $1 R5e7 32. Nf5 Re4 33. Nf4 (33. Rxe4 $16 Rxe4 34. Nf4) 33... R4e5 34. Ng3 Nd6 35. Nd3 R5e7 36. Rc1 Nc4 37. Rf4 Kh7 38. Qb1 Kh8 39. Qa1 Kh7 40. Rd1 Qe6 (40... Rc7 $14) 41. Nf5 $16 Rc7 42. Nc5 Qc6 43. Rfd4 g6 44. Ng3 h5 45. Ne2 Rce7 {[%emt 0:02:23] [#]} 46. Rf4 (46. Nc3 $142 $1 ) 46... Ne5 47. Nd4 Qd6 48. Nf3 Nxf3+ 49. Rxf3 (49. gxf3 $142 Re5 50. Qd4) 49... Ng4 $16 50. Rf4 f5 51. Qd4 Nf6 52. Qb2 (52. Qd2 $16) 52... Re5 (52... Ne4 $1 $11 {keeps the balance.}) 53. g3 Ng4 54. Qb3 Kh6 55. Kg2 R8e7 56. Rd3 Nf6 57. Rfd4 Rg7 58. Rd1 g5 $2 (58... Rc7 $16 59. R4d2 Re8) 59. hxg5+ $18 Rxg5 60. f4 1-0